 Dungeon Crawl Stone Soup version 0.20.1-1-g8b1a95d (webtiles) character file.

7 tidbits the Insei (level 1, 0/15 HPs)
             Began as a Demigod Transmuter on Aug 24, 2017.
             Slain by a jackal (2 damage)
             ... on level 1 of the Dungeon.
             The game lasted 00:01:10 (70 turns).

tidbits the Insei (Demigod Transmuter)                Turns: 70, Time: 00:01:12

Health: 0/15       AC:  2    Str: 13    XL:     1   Next: 66%
Magic:  4/5        EV: 12    Int: 17    God:
Gold:   0          SH:  0    Dex: 16    Spells: 3/4 levels left

rFire    . . .     SeeInvis .   a - +0 whip
rCold    . . .     Gourm    .   (no shield)
rNeg     . . .     Faith    .   b - +0 robe
rPois    .         Spirit   .   (no helmet)
rElec    .         Reflect  .   (no cloak)
rCorr    .         Harm     .   (no gloves)
MR       .....                  (no boots)
Stlth    +.........             (no amulet)
Regen    0.1/turn               (no ring)
MPRegen  0.1/turn               (no ring)

@: appendage
A: horns 2, high mp 1
a: End Transformation


You were on level 1 of the Dungeon.
You were not hungry.
You had grown temporary horns.
You visited 1 branch of the dungeon, and saw 1 of its levels.

Inventory:

Hand Weapons
 a - a +0 whip (weapon)
Missiles
 e - 12 arrows
Armour
 b - a +0 robe (worn)
Books
 c - a book of Changes

   Spells                             Type                      Level
   a - Beastly Appendage              Transmutation                1
   b - Sticks to Snakes               Transmutation                2
   c - Spider Form                    Transmutation/Poison         3
   d - Ice Form                       Ice/Transmutation            4
   e - Blade Hands                    Transmutation                5
Comestibles
 d - a bread ration


   Skills:
 - Level 0.8 Fighting
 - Level 1.7 Dodging
 - Level 2.6 Unarmed Combat
 - Level 2.0 Spellcasting
 + Level 2.1 Transmutations


You had 3 spell levels left.
You knew the following spells:

 Your Spells              Type           Power        Failure   Level  Hunger
e - Beastly Appendage     Tmut           #.....       8%          1    #......


Dungeon Overview and Level Annotations

Branches:
Dungeon (1/15)


Innate Abilities, Weirdness & Mutations

You have an increased reservoir of magic. (+10% MP)
You have a pair of horns on your head.


Message History

Welcome, tidbits the Demigod Transmuter.
The bosom of this dungeon contains the fabled artefact, the Orb of Zot.
Press ? for a list of commands and other information.
Found a staircase leading out of the dungeon.
Found a whip.
You see here a whip.
e - a whip Wield which item (- for none, * to show all)? (? for menu, Esc to quit)
e - a +0 whip (weapon)
Adjust (i)tems, (s)pells, or (a)bilities?
Adjust which item? (? for menu, Esc to quit)
e - a +0 whip (weapon)
Adjust to which letter? (? for menu, Esc to quit)
a - a +0 whip (weapon);
e - 12 arrows You open the gate.
A goblin comes into view.
There is an open gate here.
The helpless goblin fails to defend itself.
You hit the goblin.
The goblin is almost dead.
The goblin hits you.
You hit the goblin.
You kill the goblin!
A hobgoblin comes into view. It is wielding a club.
The hobgoblin shouts!
You hear a shout!
Casting: Beastly Appendage
Confirm with . or Enter, or press ? or * to list all spells.
You grow a pair of large bovine horns.
You barely miss the hobgoblin. Your headbutt misses the hobgoblin.
The hobgoblin hits you with a club.
You hit the hobgoblin. You headbutt the hobgoblin.
You kill the hobgoblin!
A hobgoblin comes into view. It is wielding a club.
You see here a club.
Your transformation is almost over.
Casting: Beastly Appendage
Confirm with . or Enter, or press ? or * to list all spells.
You extend your transformation's duration.
You hit the hobgoblin. You headbutt the hobgoblin.
You kill the hobgoblin!
Your Transmutations skill increases to level 2!
Your transformation is almost over.
You see here a club.
A bat and a kobold come into view.
The bat moves out of view.
Found a meat ration.
You hit the bat.
You kill the bat!
Your Spellcasting skill increases to level 2!
The kobold shouts!
Casting: Beastly Appendage
Confirm with . or Enter, or press ? or * to list all spells.
You extend your transformation's duration.
The kobold throws a stone.
The stone hits you but does no damage.
A jackal comes into view.
The jackal moves out of view.
Found a scroll labeled FOTAOTT OPREF.
A jackal comes into view.
The jackal barks!
You hit the kobold.
You kill the kobold!
Your transformation is almost over.
The jackal completely misses you.
Things that are here:
a whip; a kobold corpse You closely miss the jackal.
Your headbutt misses the jackal. The jackal closely misses you.
You completely miss the jackal. The jackal bites you.
* * * LOW HITPOINT WARNING * * *
The jackal bites you but does no damage.
The jackal bites you.
* * * LOW HITPOINT WARNING * * *
You see here a stone.
The jackal misses you.
Casting: Beastly Appendage
Confirm with . or Enter, or press ? or * to list all spells.
You extend your transformation's duration.
The jackal bites you.
* * * LOW HITPOINT WARNING * * *
You completely miss the jackal.
The jackal bites you but does no damage.
You barely miss the jackal. Your headbutt misses the jackal.
The jackal closely misses you.
The jackal bites you but does no damage.
You hit the jackal.
The jackal is almost dead.
The jackal misses you. The jackal bites you.
* * * LOW HITPOINT WARNING * * *
You hit the jackal but do no damage.
The jackal is almost dead.
The jackal closely misses you.
You hit the jackal.
You kill the jackal!
You barely miss the jackal. You headbutt the jackal.
The jackal is moderately wounded.
The jackal closely misses you. The jackal misses you.
You hit the jackal.
The jackal is heavily wounded.
The jackal bites you.
You die...

.......
#........# #♣♣.
.......
#........# ♣♣
.......
#........# ♣<
#..)####.##.#####
♣♣ #...)...# .#
##.###..###.#
#.........#..#
#.#.#####...## #.
#@##..... # ##h#
.... #(.# ...
#..# #).# #...#
..%#.# #...##..
#.?#. ...#


You could see a jackal.

Vanquished Creatures
  A goblin (D:1)
  2 hobgoblins (D:1)
  A jackal (D:1)
  A bat (D:1)
  A kobold (D:1)
6 creatures vanquished.

Notes
Turn   | Place    | Note
-------+----------+-------------------------------------------
     0 | D:1      | tidbits the Demigod Transmuter began the quest for the Orb.
     0 | D:1      | Reached XP level 1. HP: 15/15 MP: 5/5
    44 | D:1      | Reached skill level 2 in Transmutations
    50 | D:1      | Reached skill level 2 in Spellcasting
    70 | D:1      | Slain by a jackal

Skill      XL: |  1 |
---------------+----+-----
Transmutations | 2 |  2.1
Spellcasting   | 2 |  2.0
Fighting       | |  0.8
Dodging        | |  1.7
Unarmed Combat | |  2.6

Action                   || total
-------------------------++-------
Melee: Whip              ||    16
       Headbutt          ||     3
 Cast: Beastly Appendage ||     4
 Stab: Sleeping          ||     1
Armor: Robe              ||     3
Dodge: Dodged            ||     8

Table legend:
 A = Turns spent in this place as a percentage of turns spent in the entire game.
 B = Non-inter-level travel turns spent in this place as a percentage of non-inter-level travel turns spent in the entire game.
 C = Inter-level travel turns spent in this place as a percentage of turns spent in this place.
 D = Turns resting spent in this place as a percentage of non-inter-level travel turns spent in this place.
 E = Turns spent auto-exploring this place as a percentage of non-inter-level travel turns spent in this place.
 F = Non-inter-level travel turns spent in this place divided by the number of levels of this place that you've seen.
                   A       B       C       D       E      F
               +-------+-------+-------+-------+-------+----------------------
         Total | 100.0 | 100.0 |   0.0 |   0.0 |   0.0 |  75.0
       Dungeon | 100.0 | 100.0 |   0.0 |   0.0 |   0.0 |  75.0
               +-------+-------+-------+-------+-------+----------------------

Table legend:
 A = Kills in this place as a percentage of kills in entire the game.
 B = Kills by you in this place as a percentage of kills by you in the entire game.
 C = Kills by friends in this place as a percentage of kills by friends in the entire game.
 D = Other kills in this place as a percentage of other kills in the entire game.
 E = Experience gained in this place as a percentage of experience gained in the entire game.
 F = Experience gained in this place divided by the number of levels of this place that you have seen.
                   A       B       C       D       E      F
               +-------+-------+-------+-------+-------+----------------------
         Total | 100.0 | 100.0 |  -nan |  -nan | 100.0 |  10.0
       Dungeon | 100.0 | 100.0 |  -nan |  -nan | 100.0 |  10.0
               +-------+-------+-------+-------+-------+----------------------

Vault maps used:
D:1:      kennysheep_arrival_seaside, minmay_fountain_box
